 Dungeon Crawl Stone Soup version 0.23.2-1-ga50397a6bc (webtiles) character file.

Game seed: 14698376523184159008

179343 Peloso the Fencer (level 17, -5/160 HPs)
             Began as a Minotaur Fighter on Apr 30, 2019.
             Was the Champion of Okawaru.
             Slain by a tentacle (17 damage)
             ... attached to a kraken
             ... on level 3 of the Shoals.
             The game lasted 01:29:07 (28245 turns).

Peloso the Fencer (Minotaur Fighter)               Turns: 28245, Time: 01:29:08

Health: -5/160     AC: 30    Str: 32    XL:     17   Next: 60%
Magic:  0/16       EV: 19    Int:  5    God:    Okawaru [******]
Gold:   2749       SH: 18    Dex: 12    Spells: 16/16 levels left

rFire    + + .     SeeInvis .   a - +6 double sword of Axull {freeze, *Rage Str+6 Stlth+}
rCold    x . .     Gourm    .   I - +0 shield {reflect}
rNeg     . . .     Faith    .   v - +8 fire dragon scales of the Albatross {rElec rF++ rC-}
rPois    +         Spirit   +   o - +2 hat
rElec    +         Reflect  +   P - scarf {Spirit}
rCorr    .         Harm     .   Y - +0 pair of gloves of the Farrier {*Drain +Blink rElec rPois}
MR       +....     Rnd*Rage +   U - +2 pair of boots {Stlth+}
Stlth    ++........             Q - amulet of regeneration
HPRegen  0.76/turn              (no ring)
MPRegen  0.15/turn              (no ring)

@: heroism, berserk cooldown, slowed, studying Conjurations, very slow
A: retaliatory headbutt, horns 2
a: Heroism, Finesse, Renounce Religion, Evoke Blink


You were on level 3 of the Shoals.
You worshipped Okawaru.
Okawaru was exalted by your worship.
You were hungry.

You visited 5 branches of the dungeon, and saw 27 of its levels.
You also visited: Sewer.

You collected 3341 gold pieces.
You spent 592 gold pieces at shops.

Inventory:

Hand Weapons
 a - the +6 double sword of Axull (weapon) {freeze, *Rage Str+6 Stlth+}
   (Okawaru gifted it to you on level 11 of the Dungeon)

   It has been specially enchanted to freeze those struck by it, causing extra
   injury to most foes and up to half again as much damage against particularly
   susceptible opponents.
   It can also slow down cold-blooded creatures.
   It affects your strength (+6).
   It may make you go berserk in combat.
   It makes you more stealthy.
 b - the +6 long sword of Wounding {freeze, rElec rPois rF+++ Int-4}
   (Okawaru gifted it to you on level 10 of the Dungeon)

   It has been specially enchanted to freeze those struck by it, causing extra
   injury to most foes and up to half again as much damage against particularly
   susceptible opponents.
   It can also slow down cold-blooded creatures.
   It affects your intelligence (-4).
   It renders you almost immune to fire.
   It insulates you from electricity.
   It protects you from poison.
 g - a +4 scimitar of flaming
 q - the +8 hunting sling of Uskayaw's Castigation {velocity, rC+ MR+, unknown}
   (You found it on level 13 of the Dungeon)

   Any stone fired from it inflicts extra damage.
   It protects you from cold.
   It affects your resistance to hostile enchantments.
Armour
 c - a +0 shield of protection
 o - a +2 hat (worn)
 v - the +8 fire dragon scales of the Albatross (worn) {rElec rF++ rC-}
   (You found it on level 3 of the Dungeon)

   It greatly protects you from fire.
   It makes you vulnerable to cold.
   It insulates you from electricity.
 z - a +0 shield of cold resistance
 C - +0 acid dragon scales
 I - a +0 shield of reflection (worn)
 P - a scarf of spirit shield (worn)
 R - +0 ice dragon scales
 U - a +2 pair of boots of stealth (worn)
 Y - the +0 pair of gloves of the Farrier (worn) {*Drain +Blink rElec rPois}
   (Okawaru gifted it to you on level 5 of the Lair of Beasts)

   It insulates you from electricity.
   It protects you from poison.
   It lets you blink.
   It causes draining when unequipped.
 Z - a +0 pair of gloves of strength
Jewellery
 u - an uncursed ring of protection from cold
 Q - an amulet of regeneration (around neck)
Wands
 A - a wand of random effects (54)
Scrolls
 e - 3 scrolls of noise
 h - 7 scrolls of fear
 m - a scroll of holy word
 p - 7 scrolls of fog
 r - 13 scrolls of remove curse
 s - 12 scrolls of teleportation
 w - 2 scrolls of brand weapon
 D - 5 scrolls of acquirement {unknown}
 H - 5 scrolls of magic mapping
 L - 3 scrolls of amnesia {unknown}
 M - 5 scrolls of enchant armour {unknown}
 S - 4 scrolls of enchant weapon
 T - 3 scrolls of vulnerability {unknown}
 W - 3 scrolls of blinking
Potions
 d - a potion of brilliance
 i - 14 potions of curing
 k - 3 potions of berserk rage
 l - 4 potions of might
 t - 3 potions of resistance
 x - a potion of heal wounds
 B - 2 potions of haste
 G - 2 potions of agility
 J - a potion of mutation
 K - 3 potions of magic
 N - 3 potions of ambrosia
 X - 3 potions of cancellation
Books
 j - a manual of Conjurations
Miscellaneous
 y - a box of beasts
 F - a crystal ball of energy
 V - a phantom mirror
Comestibles
 f - 47 rations
 n - 5 chunks of flesh


   Skills:
 + Level 16.9(21.9) Fighting
 + Level 19.9(24.9) Long Blades
 + Level 13.0(18.0) Armour
 + Level 10.9(15.9) Dodging
 + Level 6.3(11.3) Stealth
 + Level 18.9(23.9) Shields
 + Level 1.1 Invocations
 + Level 0.6 Evocations


You had 16 spell levels left.
You didn't know any spells.
Your spell library contained the following spells:

 Spells                   Type           Power        Failure   Level  Hunger
 Animate Skeleton         Necr           N/A          65%         1    ##.....
 Apportation              Tloc           #.....       65%         1    ##.....
 Confusing Touch          Hex            #.....       65%         1    ##.....
 Corona                   Hex            #......      65%         1    ##.....
 Magic Dart               Conj           #...         65%         1    ##.....
 Pain                     Necr           #...         65%         1    ##.....
 Sting                    Conj/Pois      #...         65%         1    ##.....
 Summon Butterflies       Summ           #.......     65%         1    ##.....
 Summon Small Mammal      Summ           #...         65%         1    ##.....
 Ensorcelled Hibernation  Hex/Ice        #.....       80%         2    ###....
 Poisonous Vapours        Pois/Air       #.....       80%         2    ###....
 Searing Ray              Conj           #.....       80%         2    ###....
 Slow                     Hex            #.......     80%         2    ###....
 Confuse                  Hex            #.......     95%         3    ####...
 Dazzling Spray           Conj/Hex       #.....       95%         3    ####...
 Gell's Gravitas          Tloc           #.........   95%         3    ####...
 Inner Flame              Hex/Fire       #.......     95%         3    ####...
 Lesser Beckoning         Tloc           #.........   95%         3    ####...
 Mephitic Cloud           Conj/Pois/Air  #.......     95%         3    ####...
 Portal Projectile        Hex/Tloc       #.....       95%         3    ####...
 Recall                   Summ/Tloc      N/A          95%         3    ####...
 Regeneration             Chrm/Necr      #.........   95%         3    ####...
 Tukima's Dance           Hex            #.......     95%         3    ####...
 Vampiric Draining        Necr           #.........   95%         3    ####...
 Animate Dead             Necr           N/A          100%        4    #####..
 Cause Fear               Hex            #.........   100%        4    #####..
 Force Lance              Conj/Tloc      #.......     100%        4    #####..
 Fulminant Prism          Conj/Hex       #.........   100%        4    #####..
 Iskenderun's Mystic Bla  Conj           #.......     100%        4    #####..
 Leda's Liquefaction      Hex/Erth       #.........   100%        4    #####..
 Olgreb's Toxic Radiance  Pois           #.......     100%        4    #####..
 Petrify                  Tmut/Erth      #.......     100%        4    #####..
 Alistair's Intoxication  Tmut/Pois      #.......     100%        5    ######.
 Borgnjor's Vile Clutch   Necr/Erth      #.........   100%        5    ######.
 Metabolic Englaciation   Hex/Ice        #.........   100%        5    ######.
 Venom Bolt               Conj/Pois      #.........   100%        5    ######.
 Yara's Violent Unravell  Hex/Tmut       #.........   100%        5    ######.
 Death Channel            Necr           #.........   100%        6    #######
 Invisibility             Hex            #.......     100%        6    #######
 Simulacrum               Ice/Necr       #.........   100%        6    #######
 Malign Gateway           Summ/Tloc      #.........   100%        7    #######
 Monstrous Menagerie      Summ           #.........   100%        7    #######
 Summon Greater Demon     Summ           #.........   100%        7    #######
 Summon Horrible Things   Summ           #.........   100%        8    #######


Dungeon Overview and Level Annotations

Branches:
Dungeon (15/15)            Temple (0/1) D:5            Lair (6/6) D:8
 Shoals (3/4) Lair:4        Snake (1/4) Lair:3        Slime (0/5) Lair:6
    Orc (2/2) D:10            Elf (0/3) Orc:2        Vaults (0/5) D:13
 Depths (0/5) D:15

Altars:
Ashenzari
Fedhas
Hepliaklqana
Kikubaaqudgha
Nemelex Xobeh
Okawaru
Qazlal
Ru
Vehumet
Wu Jian
Xom
Zin
Beogh
Jiyva

Shops:
D:8 !   D:13 *   Orc:2 *:*!   Snake:1 }=}

Annotations:
Lair:4 Sama's ghost, journeyman TrWr


Innate Abilities, Weirdness & Mutations

You reflexively headbutt those who attack you in melee.
You have a pair of horns on your head.


Message History

You headbutt the kraken!
You riposte.
You hit the kraken but do no damage.
You headbutt the kraken, but do no damage.
The kraken is almost dead.
A tentacle comes into view.
You slash the kraken!
The kraken seems to slow down.
You freeze the kraken. You headbutt the kraken!
The kraken is almost dead.
The tentacle completely misses you. You block the tentacle's attack.
The tentacle slaps you.
* * * LOW HITPOINT WARNING * * *
A tentacle segment bursts forth from the water. x4
The tentacle slaps you but does no damage.
The tentacle closely misses you.
You riposte.
Your unstable footing causes you to fumble your attack.
The kraken squirts a massive cloud of ink into the water!
Your unstable footing causes you to fumble your attack.
You block the tentacle's attack. x2; The tentacle slaps you.
* * * LOW HITPOINT WARNING * * *
The tentacle slaps you!
You die...

≈≈≈≈≈≈....P.PP≈≈P.##.
≈≈≈≈≈≈≈P≈...≈≈≈≈P≈P≈P.##
≈≈≈≈≈≈≈≈≈≈≈≈(≈≈≈P.PP....
≈≈≈≈≈≈≈≈≈P≈≈≈.≈≈.#.P....
≈≈≈≈≈≈≈≈≈≈≈(?....##.≈...
≈≈≈≈≈≈≈≈≈§≈P≈≈.P...≈≈≈≈.
≈≈≈≈≈§§§§§[P≈≈......≈≈≈≈
≈≈≈≈≈§w§w§≈≈≈≈..##..≈≈≈≈
≈≈≈≈≈§X@w§§≈...###...≈†.
≈≈≈≈≈§§§w§§≈≈..####..†(.
≈≈≈≈≈§§§§§≈≈≈≈..###..≈..
≈≈≈≈≈≈≈≈≈≈≈≈≈≈≈.....≈≈).
≈≈≈≈≈≈≈≈≈≈≈≈≈≈P.P.((≈≈.P
≈≈≈≈≈≈≈≈≈≈≈≈≈≈...PP.....
≈≈≈≈≈≈≈≈≈≈≈≈≈P≈PP≈..##..
≈≈≈≈≈≈≈≈≈≈≈≈≈≈≈≈≈P≈P.##.
≈≈≈≈≈≈≈≈≈≈≈≈≈≈≈≈≈[?..


You could see a kraken and 4 tentacles.

Vanquished Creatures
  The ghost of Tunlugh the Earth Mage, an adept GrEE of Vehumet (Lair:4)
  Jorgrun (Shoals:1)
  A titan (Shoals:2)
  3 krakens (Shoals:1)
  Polyphemus (Shoals:3)
  2 tengu reavers
  Donald (Snake:1)
  A frost giant (Shoals:2)
  An orc warlord (D:12)
  The ghost of Ceyroiss the Quickloader, a journeyman HuWn of Dithmenos (Lair:4)
  An ettin (D:12)
  A fire dragon (D:15)
  2 merfolk javelineers
  A merfolk impaler (Shoals:3)
  An ice dragon (D:15)
  4 naga warriors (Snake:1)
  8 hydras
  A catoblepas (Shoals:3)
  2 vault guards (D:13)
  2 death knights
  3 alligator snapping turtles
  3 merfolk avatars
  2 ogre magi (D:15)
  2 satyrs (Shoals:3)
  4 anacondas (Snake:1)
  6 centaur warriors
  4 death yaks (Shoals:3)
  14 two-headed ogres
  7 naga sharpshooters (Snake:1)
  Sonja (Lair:3)
  3 skeletal warriors
  The ghost of Laummuim the Gouger, a journeyman FeFi of Fedhas (Lair:4)
  A salamander mystic (Snake:1)
  8 sea snakes
  A hell knight (D:12)
  2 unseen horrors
  2 phantasmal warriors (D:12)
  12 orc knights
  3 wizards (D:13)
  A wolf spider zombie (D:14)
  2 naga ritualists (Snake:1)
  2 mana vipers (Snake:1)
  2 necromancers (D:13)
  3 harpies (Shoals:2)
  6 fauns
  2 oklob plants (Lair:3)
  A deep elf mage (D:12)
  15 ugly things
  12 cyclopes
  8 manticores
  2 orc sorcerers
  5 merfolk sirens
  11 elephants
  A guardian serpent (Snake:1)
  3 naga magi (Snake:1)
  2 torpor snails
  14 black mambas
  3 gargoyles
  4 water nymphs
  8 centaur skeletons
  11 spiny frogs
  4 rime drakes (Lair:5)
  2 kobold demonologists
  2 efreet
  5 komodo dragons
  4 freezing wraiths
  A wind drake (Shoals:2)
  7 polar bears
  8 trolls
  Grinder (D:6)
  20 merfolk
  Prince Ribbit (Lair:3)
  14 dream sheep
  9 hornets
  11 blink frogs
  12 hippogriffs
  A raiju (shapeshifter) (D:12)
  A slime creature (D:12)
  6 snapping turtles
  A vampire (D:9)
  2 shadows
  15 spriggans
  3 wyverns
  16 humans (D:13)
  45 yaks
  A basilisk (Lair:2)
  A water elemental (Shoals:3)
  4 hungry ghosts
  3 wraiths
  8 wargs
  Menkaure (D:5)
  14 nagas (Snake:1)
  20 water moccasins
  2 acid dragons
  Duvessa (D:7)
  41 orc warriors
  5 porcupines
  4 ice beasts
  3 sky beasts
  7 black bears
  11 boggarts
  An eye of draining (D:12)
  4 phantoms
  16 ogres
  17 wolves (Lair:6)
  12 crocodiles
  A big kobold (D:10)
  12 centaurs
  14 bullfrogs
  Dowan (D:7)
  2 wyvern zombies
  7 scorpions
  10 killer bees
  2 electric eels (Lair:3)
  12 wights
  6 howler monkeys
  A bullfrog zombie (D:10)
  4 centaur zombies
  11 crimson imps
  8 hounds
  3 bullfrog skeletons
  29 orc wizards
  18 orc priests
  A gnoll shaman (D:7)
  A jelly (D:6)
  Jessica (D:3)
  8 iguanas
  15 worker ants
  A killer bee zombie (D:4)
  A hound skeleton (D:9)
  Robin (D:3)
  A worker ant zombie (D:9)
  A howler monkey skeleton (D:9)
  6 gnolls
  15 adders
  6 shadow imps
  A white imp (D:11)
  3 worms
  2 dart slugs
  8 leopard geckos
  99 orcs
  8 giant cockroaches
  9 hobgoblins
  19 jackals
  5 quokkas
  9 ball pythons
  10 bats
  8 frilled lizards
  17 goblins
  A jackal zombie (D:6)
  17 kobolds
  11 rats
  A bush (Lair:1)
  2 fungi
  8 plants
  4 tentacles
1041 creatures vanquished.

Vanquished Creatures (others)
  A satyr (Shoals:3)
  A naga sharpshooter (Snake:1)
  A cyclops (Shoals:3)
  A naga mage (Snake:1)
  A centaur (Shoals:2)
  2 bushes (Lair:1)
  4 fungi
  9 plants
  13 tentacles
  2 withered plants (Lair:4)
35 creatures vanquished.

Grand Total: 1076 creatures vanquished

Notes
Turn   | Place    | Note
-------+----------+-------------------------------------------
     0 | D:1      | Peloso the Minotaur Fighter began the quest for the Orb.
     0 | D:1      | Reached XP level 1. HP: 19/19 MP: 0/0
    35 | D:1      | Reached XP level 2. HP: 10/27 MP: 1/1
   212 | D:1      | Reached XP level 3. HP: 20/33 MP: 2/2
   495 | D:1      | Reached skill level 3 in Long Blades
   512 | D:1      | You fall through a shaft!
   637 | D:2      | Found a faded altar of an unknown god.
   639 | D:2      | Found a shimmering altar of Xom.
   639 | D:2      | Found a shimmering altar of Xom.
   737 | D:2      | Found an iron altar of Okawaru.
   745 | D:2      | Became a worshipper of Warmaster Okawaru
  1299 | D:3      | Noticed Robin
  1307 | D:3      | Reached XP level 4. HP: 35/40 MP: 3/3
  1332 | D:3      | Killed Robin
  1601 | D:3      | Noticed Jessica
  1605 | D:3      | Killed Jessica
  1605 | D:3      | Reached skill level 4 in Long Blades
  1605 | D:3      | Reached XP level 5. HP: 47/47 MP: 4/4
  2072 | D:3      | Got twisted fire dragon scales
  2088 | D:3      | Identified the +8 fire dragon scales of the Albatross
                  | {rElec rF++ rC-} (You found it on level 3 of the Dungeon)
  2175 | D:4      | Noticed an ogre
  2195 | D:4      | Killed an ogre
  2195 | D:4      | Reached * piety under Okawaru
  2195 | D:4      | Reached skill level 5 in Armour
  2195 | D:4      | Reached skill level 5 in Shields
  2195 | D:4      | Reached XP level 6. HP: 42/53 MP: 5/5
  2369 | D:4      | Reached skill level 5 in Long Blades
  2401 | D:4      | Got a pair of bloodstained gloves
  2407 | D:4      | Identified the +1 pair of gloves of Vehumet's Supremacy
                  | {Dex+4} (You found it on level 4 of the Dungeon)
  2655 | D:4      | Got an ichor-stained dire flail
  2775 | D:4      | Found an ornate altar of the Wu Jian Council.
  2849 | D:4      | Identified the +2 dire flail "Jiam" {antimagic, *Drain rF++
                  | rC+ Int+2} (You found it on level 4 of the Dungeon)
  2896 | D:5      | Entered Level 5 of the Dungeon
  2896 | D:5      | Found a glowing drain.
  2924 | Sewer    | Entered a sewer
  3003 | Sewer    | Reached skill level 1 in Dodging
  3003 | Sewer    | Reached XP level 7. HP: 55/60 MP: 6/6
  3266 | D:5      | Found a staircase to the Ecumenical Temple.
  3272 | D:5      | Reached skill level 6 in Long Blades
  3303 | D:5      | Reached ** piety under Okawaru
  3303 | D:5      | Reached skill level 5 in Fighting
  3461 | D:5      | Found a radiant altar of Vehumet.
  3499 | D:5      | Noticed Menkaure
  3505 | D:5      | Killed Menkaure
  4125 | D:5      | Reached XP level 8. HP: 68/68 MP: 7/7
  4196 | D:6      | Reached skill level 7 in Long Blades
  4585 | D:6      | Noticed Grinder
  4609 | D:6      | Killed Grinder
  4609 | D:6      | Reached *** piety under Okawaru
  4609 | D:6      | Reached skill level 1 in Stealth
  4611 | D:6      | Reached skill level 8 in Long Blades
  4754 | D:6      | Found an ancient bone altar of Kikubaaqudgha.
  5164 | D:7      | Received a gift from Okawaru
  5274 | D:7      | Reached XP level 9. HP: 61/75 MP: 8/8
  5426 | D:7      | Found a sparkling altar of Nemelex Xobeh.
  5666 | D:7      | Found a sacrificial altar of Ru.
  5744 | D:7      | Reached skill level 9 in Long Blades
  5786 | D:7      | Found a stormy altar of Qazlal.
  5804 | D:7      | Noticed Dowan
  5805 | D:7      | Noticed Duvessa
  5813 | D:7      | Killed Duvessa
  5824 | D:7      | Killed Dowan
  5999 | D:8      | Found Fangih's Distillery.
  6086 | D:8      | Bought a potion of heal wounds for 75 gold pieces
  6179 | D:8      | Found a flagged portal.
  6493 | D:8      | Reached **** piety under Okawaru
  6493 | D:8      | Reached skill level 10 in Long Blades
  6508 | D:8      | Reached skill level 5 in Dodging
  6558 | D:8      | Found a staircase to the Lair.
  6663 | D:9      | Noticed a two-headed ogre
  6673 | D:9      | Killed a two-headed ogre
  6673 | D:9      | Reached ***** piety under Okawaru
  6673 | D:9      | Reached XP level 10. HP: 56/84 MP: 6/9
  7417 | D:9      | Found a glowing silver altar of Zin.
  7444 | D:9      | Reached skill level 11 in Long Blades
  8132 | D:9      | Found a hazy altar of Hepliaklqana.
  8133 | D:9      | Found an iron altar of Okawaru.
  8190 | D:10     | Entered Level 10 of the Dungeon
  8407 | D:10     | Got a heavily runed chain mail
  8418 | D:10     | Identified the +1 chain mail "Fiyzits" {Slay+2} (You found
                  | it on level 10 of the Dungeon)
  8595 | D:10     | Received a gift from Okawaru
  8595 | D:10     | Reached skill level 10 in Shields
  8598 | D:10     | Paralysed by a hornet for 3 turns
  8615 | D:10     | Got a smoking long sword {god gift}
  8616 | D:10     | Identified the +6 long sword of Wounding {freeze, rElec
                  | rPois rF+++ Int-4} (Okawaru gifted it to you on level 10 of
                  | the Dungeon)
  8647 | D:10     | Found a staircase to the Orcish Mines.
  8759 | D:10     | Reached skill level 12 in Long Blades
  8967 | D:10     | Reached XP level 11. HP: 94/94 MP: 10/10
  9204 | D:10     | Found a blossoming altar of Fedhas.
  9496 | D:11     | Received a gift from Okawaru
  9529 | D:11     | Got a smoking double sword {god gift}
  9530 | D:11     | Identified the +6 double sword of Axull {freeze, *Rage
                  | Str+6 Stlth+} (Okawaru gifted it to you on level 11 of the
                  | Dungeon)
  9654 | D:11     | Reached skill level 13 in Long Blades
 10034 | Lair:1   | Entered Level 1 of the Lair of Beasts
 10184 | D:12     | Reached ****** piety under Okawaru
 10273 | D:12     | Noticed a skeletal warrior
 10277 | D:12     | Noticed a death knight
 10277 | D:12     | Noticed a skeletal warrior
 10285 | D:12     | Killed a skeletal warrior
 10285 | D:12     | Received a gift from Okawaru
 10306 | D:12     | Killed a death knight
 10306 | D:12     | Received a gift from Okawaru
 10306 | D:12     | Reached skill level 14 in Long Blades
 10314 | D:12     | Killed a skeletal warrior
 10554 | D:12     | Noticed a brown ugly thing
 10555 | D:12     | Noticed a phantasmal warrior
 10563 | D:12     | Killed a brown ugly thing
 10568 | D:12     | Reached XP level 12. HP: 90/105 MP: 8/11
 10584 | D:12     | Paralysed by an orc sorcerer for 3 turns
 10966 | D:12     | Received a gift from Okawaru
 10973 | D:12     | Reached skill level 10 in Fighting
 11306 | D:12     | Reached skill level 15 in Long Blades
 11444 | D:12     | Noticed a two-headed ogre
 11451 | D:12     | Killed a two-headed ogre
 11479 | D:12     | Noticed a five-headed hydra
 11495 | D:12     | Killed an eight-headed hydra
 11544 | D:12     | Noticed an orc warlord
 11544 | D:12     | Noticed an ettin
 11633 | D:12     | Killed an ettin
 11644 | D:12     | Killed an orc warlord
 11761 | D:12     | Reached XP level 13. HP: 107/115 MP: 10/12
 12093 | Lair:1   | Reached skill level 1 in Invocations
 12345 | Lair:1   | Received a gift from Okawaru
 12349 | Lair:1   | Reached skill level 16 in Long Blades
 12363 | Lair:1   | Reached skill level 10 in Armour
 12386 | Lair:1   | Got a pair of brightly glowing boots {god gift}
 12397 | Lair:1   | Identified the +0 pair of boots of Duty {MP+9 Str+5 Slay-5}
                  | (Okawaru gifted it to you on level 1 of the Lair of Beasts)
 13878 | Lair:3   | Found a staircase to the Snake Pit.
 13955 | Lair:3   | Noticed Prince Ribbit
 13967 | Lair:3   | Killed Prince Ribbit
 14257 | Lair:3   | Noticed Sonja
 14278 | Lair:3   | Killed Sonja
 14832 | Lair:4   | Found a runed translucent gate.
 14832 | Lair:4   | Found a runed translucent gate.
 14832 | Lair:4   | Found a runed translucent gate.
 14834 | Lair:4   | Noticed Ceyroiss's ghost (journeyman HuWn)
 14834 | Lair:4   | Noticed Laummuim's ghost (journeyman FeFi)
 14835 | Lair:4   | Noticed Tunlugh's ghost (adept GrEE)
 14835 | Lair:4   | Noticed Sama's ghost (journeyman TrWr)
 15191 | Lair:4   | Found a staircase to the Shoals.
 15237 | Lair:4   | You fall through a shaft for 2 floors!
 15237 | Lair:6   | Entered Level 6 of the Lair of Beasts
 15277 | Lair:6   | Received a gift from Okawaru
 15394 | Lair:6   | Reached skill level 17 in Long Blades
 15422 | Lair:6   | Reached XP level 14. HP: 108/126 MP: 11/13
 15442 | Lair:6   | Found a staircase to the Slime Pits.
 15442 | Lair:6   | Found a viscous altar of Jiyva.
 16215 | Lair:6   | Received a gift from Okawaru
 16712 | Lair:5   | Received a gift from Okawaru
 16715 | Lair:5   | Got a pair of faintly humming gloves {god gift}
 16726 | Lair:5   | Identified the +0 pair of gloves of the Farrier {*Drain
                  | +Blink rElec rPois} (Okawaru gifted it to you on level 5 of
                  | the Lair of Beasts)
 17201 | Lair:4   | Reached skill level 5 in Stealth
 17212 | Lair:4   | Reached skill level 15 in Shields
 17718 | Lair:4   | Killed Ceyroiss's ghost
 17734 | Lair:4   | Killed Laummuim's ghost
 17823 | Lair:4   | Killed Tunlugh's ghost
 18526 | D:13     | Got a shimmering hunting sling
 18622 | D:13     | Found Teitec's General Store.
 18645 | D:13     | Bought a scroll of brand weapon for 300 gold pieces
 18645 | D:13     | Bought a scroll of identify for 30 gold pieces
 18884 | D:13     | Reached XP level 15. HP: 136/136 MP: 14/14
 18916 | D:13     | Received a gift from Okawaru
 19126 | D:13     | Found a gate to the Vaults.
 19423 | D:13     | Noticed a tengu reaver
 19434 | D:13     | Killed a tengu reaver
 19434 | D:13     | Reached skill level 18 in Long Blades
 19807 | Orc:1    | Entered Level 1 of the Orcish Mines
 20336 | Orc:2    | Entered Level 2 of the Orcish Mines
 20517 | Orc:2    | Found a staircase to the Elven Halls.
 20915 | Orc:2    | Found a roughly hewn altar of Beogh.
 20976 | Orc:2    | Found Xyopuvel's General Store.
 20976 | Orc:2    | Found Nevuemu's Distillery.
 21052 | Orc:2    | Bought a scroll of identify for 28 gold pieces
 21052 | Orc:2    | Bought a scroll of identify for 28 gold pieces
 21052 | Orc:2    | Bought a scroll of blinking for 105 gold pieces
 21128 | Orc:2    | Found Fyst's Book Shop.
 21209 | Orc:2    | Found Omalefic's Assorted Antiques.
 21236 | Orc:2    | Bought a scroll labeled ZIHEASOBLU for 26 gold pieces
 21834 | D:14     | Received a gift from Okawaru
 22536 | D:15     | Entered Level 15 of the Dungeon
 22541 | D:15     | Noticed a tengu reaver
 22558 | D:15     | Killed a tengu reaver
 22789 | D:15     | Received a gift from Okawaru
 22908 | D:15     | Reached XP level 16. HP: 147/147 MP: 15/15
 23002 | D:15     | Reached skill level 15 in Fighting
 23162 | D:15     | Found a shattered altar of Ashenzari.
 23199 | D:15     | Found a staircase to the Depths.
 23544 | D:15     | Reached skill level 10 in Dodging
 24076 | Snake:1  | Entered Level 1 of the Snake Pit
 24076 | Snake:1  | Noticed Donald
 24097 | Snake:1  | Killed Donald
 24246 | Snake:1  | Received a gift from Okawaru
 24594 | Snake:1  | Reached skill level 19 in Long Blades
 24732 | Snake:1  | Found Weceh's Gadget Shoppe.
 24733 | Snake:1  | Found Joqoqaaj's Jewellery Shop.
 24734 | Snake:1  | Found Dadus's Gadget Shoppe.
 25400 | Shoals:1 | Entered Level 1 of the Shoals
 25469 | Shoals:1 | Noticed Jorgrun
 25480 | Shoals:1 | Killed Jorgrun
 25582 | Shoals:1 | Noticed a kraken
 25595 | Shoals:1 | Killed a kraken
 26095 | Shoals:1 | Received a gift from Okawaru
 26335 | Shoals:1 | Noticed a kraken
 26345 | Shoals:1 | Killed a kraken
 26435 | Shoals:1 | Noticed a kraken
 26446 | Shoals:1 | Killed a kraken
 26446 | Shoals:1 | Reached XP level 17. HP: 137/158 MP: 12/16
 27396 | Shoals:2 | Noticed a titan
 27411 | Shoals:2 | Killed a titan
 27566 | Shoals:3 | Noticed Polyphemus
 27583 | Shoals:3 | Killed Polyphemus
 28227 | Shoals:3 | Received a gift from Okawaru
 28233 | Shoals:3 | Noticed a kraken
 28245 | Shoals:3 | Slain by a tentacle

Skill      XL: |  1  2  3  4  5  6  7  8  9 10 11 12 13 14 15 16 17 |
---------------+----------------------------------------------------+-----
Fighting       | 4 5 6 8 9 10 12 13 14 16 | 16.9
Armour         | 4 5 6 7 8 9 10 11 12 13 | 13.0
Long Blades    | 3 4 5 6 8 10 12 14 15 17 18 19 | 19.9
Shields        | 4 5 6 7 9 10 11 12 13 15 16 18 | 18.9
Dodging        | 1 2 3 5 6 7 8 9 10 | 10.9
Stealth        | 1 2 3 4 5 6 |  6.3
Invocations    | 1 |  1.1
Evocations     | |  0.6

Action                   |  1- 3 |  4- 6 |  7- 9 | 10-12 | 13-15 | 16-18 || total
-------------------------+-------+-------+-------+-------+-------+-------++-------
Melee: Long sword        |   109 |   177 |   298 |   265 |       |       ||   849
       Headbutt          |    20 |    35 |    92 |   163 |   287 |   170 ||   767
       Scimitar          |       |       |       |   105 |    15 |       ||   120
       Double sword      |       |       |       |   216 |  1073 |   644 ||  1933
Invok: Heroism           |       |       |     1 |     4 |       |     5 ||    10
Evoke: Wand              |       |       |       |       |     4 |       ||     4
  Use: Scroll            |       |     3 |     7 |     4 |    10 |     5 ||    29
       Potion            |       |       |       |     3 |       |     3 ||     6
 Stab: Sleeping          |       |       |       |     6 |    25 |     6 ||    37
       Distracted        |       |       |       |       |     1 |       ||     1
  Eat: Chunk             |     1 |     6 |    11 |    17 |    34 |    12 ||    81
       Ration            |       |       |       |     1 |     1 |     2 ||     4
Armor: Scale mail        |    33 |       |       |       |       |       ||    33
       Plate armour      |    53 |    72 |       |       |       |       ||   125
       Fire dragon scale |       |    51 |    92 |   207 |   398 |   192 ||   940
Dodge: Dodged            |    42 |    58 |   100 |   259 |   501 |   316 ||  1276
Block: Shield            |    69 |   121 |   164 |   337 |   817 |   500 ||  2008
       Reflection        |       |       |       |       |       |    79 ||    79
       Rpst.: Long sword |    15 |    14 |    23 |    23 |       |       ||    75
       Scimitar          |       |       |       |    14 |     1 |       ||    15
       Double sword      |       |       |       |    19 |   115 |    62 ||   196
